Map: Abiogenesis LE

Players

CinDra

  • Race: Zerg Zerg
  • League: Platinum
  • Spawn Location: 5:00

DavidJChen - Winner!

  • Race: Terran Terran
  • Spawn Location: 11:00

VOD

Have the link to the VOD?

Description

Time

  • Played on: March 20, 2018, 11:21 p.m.
  • Length: 12:20
Show
View Real Time Build Order
Export as new Build Order

CinDra Zerg 

Build Orders: Hatch First 

Get SALT Encoding   

  12  0:02  Drone  
  13  0:12  Overlord  
  13  0:17  Drone  
  14  0:31  Drone x2  
  14  0:35  Drone  
  17  0:54  Hatchery  
  17  0:55  Drone  
  17  0:59  Drone  
  18  1:09  Extractor  
  17  1:15  Spawning Pool  
  17  1:17  Drone  
  17  1:20  Drone  
  18  1:31  Drone  
  19  1:39  Overlord  
  19  1:50  Drone  
  20  2:02  Queen  
  20  2:03  Zergling x2  
  20  2:06  Queen, Zergling x2  
  26  2:13  Drone  
  27  2:28  Drone  
  27  2:29  Drone x2  
  30  2:34  Drone  
  31  2:43  Drone  
  31  2:44  Drone  
  32  2:48  Queen  
  32  2:51  Overlord  
  34  3:04  Overlord  
  34  3:05  Drone  
  35  3:11  Queen  
  35  3:19  Drone  
  36  3:21  Baneling Nest, Drone  
  36  3:22  Drone x6  
  42  3:39  Drone x4  
  46  3:44  Extractor  
  46  3:46  Drone  
  46  3:47  Extractor, Drone x2  
  46  4:03  Zergling x12  
  46  4:05  Lair  
  52  4:12  Overlord  
  47  4:27  Metabolic Boost  
  45  4:32  Queen  
  45  4:37  Zergling x14  
  46  4:47  Zergling x2  
  44  5:03  Zergling x12  
  47  5:23  Drone  
  47  5:24  Drone x2  
  50  5:28  Queen  
  50  5:31  Zergling x2  
  50  5:34  Overlord  
  50  5:39  Zergling x4  
  49  5:45  Zergling x6  
  49  5:51  Zergling x6  
  49  5:54  Zergling x2  
  52  6:01  Zergling x2  
  46  6:16  Zergling x2  
  46  6:17  Zergling x4  
  48  6:21  Zergling x12  
  54  6:28  Queen  
  56  6:33  Drone  
  56  6:34  Hatchery, Drone  
  56  6:36  Evolution Chamber, Drone  
  56  6:38  Evolution Chamber  
  56  6:41  Baneling  
  56  6:42  Baneling x6  
  56  6:43  Baneling  
  56  6:46  Baneling x8  
  56  6:47  Baneling x10  
  56  6:50  Drone x4  
  56  6:53  Overlord  
  60  6:58  Overlord  
  60  7:23  Drone  
  60  7:24  Drone x8  
  69  7:34  Zergling x2  
  68  7:48  Zergling x4  
  68  7:49  Zergling x10  
  74  7:56  Drone x3  
  77  7:59  Zerg Melee Weapons Level 1  
  77  8:00  Zerg Ground Armor Level 1  
  77  8:01  Centrifical Hooks  
  77  8:03  Drone  
  77  8:04  Drone x2  
  80  8:19  Overlord x2  
  80  8:21  Zergling x2  
  80  8:22  Overlord  
  81  8:37  Queen, Extractor  
  81  8:38  Drone  
  81  8:40  Zergling x18  
  92  8:54  Zergling x20  
  101  9:14  Hatchery  
  100  9:24  Infestation Pit  
  99  9:36  Extractor  
  99  9:37  Extractor  
  97  9:40  Drone  
  97  9:43  Hatchery, Overlord x2  
  97  9:44  Zergling x16  
  89  10:11  Zergling x24  
  89  10:12  Zergling x10  
  85  10:30  Zergling x6  
  85  10:33  Baneling x9  
  85  10:45  Pneumatized Carapace  
  81  10:50  Zergling x20  
  81  10:55  Overlord x2  
  91  11:01  Zergling x12  
  95  11:09  Zergling x2  
  78  11:21  Zergling x6  
  73  11:26  Zergling x2  
  73  11:27  Zergling x4  
  64  11:33  Zergling x16  
  72  11:45  Zergling x2  
  72  11:46  Zergling x2  
Show
View Real Time Build Order
Export as new Build Order

DavidJChen Terran - Winner!

Build Orders: MMM Bio 

Get SALT Encoding   

  12  0:00  SCV  
  13  0:12  SCV  
  14  0:20  Supply Depot  
  14  0:25  SCV  
  15  0:42  SCV  
  16  0:43  Barracks  
  16  0:51  Refinery  
  16  0:54  SCV  
  17  1:06  SCV  
  17  1:09  Barracks  
  18  1:18  SCV  
  19  1:26  Barracks  
  19  1:30  SCV  
  20  1:35  Reaper  
  21  1:40  Refinery  
  21  1:47  Supply Depot  
  21  1:50  SCV  
  22  2:00  Reaper  
  23  2:09  SCV  
  23  2:12  Reaper  
  25  2:21  Orbital Command, Supply Depot  
  25  2:26  Marine  
  26  3:02  Command Center  
  26  3:13  Reaper x3  
  29  3:36  SCV, Factory  
  29  3:38  Supply Depot  
  30  3:46  Barracks Reactor x2, Barracks Tech Lab  
  31  3:48  SCV  
  31  4:05  SCV  
  32  4:17  SCV  
  33  4:41  Factory Reactor  
  33  4:43  Barracks  
  33  4:46  Barracks  
  33  4:47  Marine x5  
  33  4:49  Supply Depot  
  33  4:52  Supply Depot  
  38  4:53  Orbital Command, Starport  
  38  4:55  SCV  
  39  5:10  Stimpack  
  39  5:12  Engineering Bay  
  39  5:15  Engineering Bay  
  38  5:56  Marine x6  
  39  6:20  Marine x4  
  39  6:22  Barracks Reactor, Barracks Tech Lab  
  39  6:25  Terran Infantry Armor Level 1, Terran Infantry Weapons Level 1  
  43  6:33  Refinery  
  43  6:37  Refinery  
  43  6:38  SCV x2  
  45  6:41  Marine x4  
  45  6:45  Command Center, Marauder  
  51  6:49  Combat Shields  
  51  6:55  Supply Depot  
  51  6:56  SCV  
  51  6:58  SCV  
  53  7:10  Medivac  
  53  7:11  Medivac  
  57  7:17  SCV x2  
  57  7:22  Marine x5  
  64  7:23  Marine  
  64  7:24  Marine  
  64  7:29  SCV x2  
  68  7:50  Marauder x2, Marine x5  
  68  7:51  Marine  
  78  7:53  SCV  
  78  7:54  SCV  
  78  7:56  Factory Tech Lab  
  80  8:03  Factory  
  82  8:05  SCV  
  82  8:06  SCV  
  82  8:09  Orbital Command  
  82  8:11  Marauder x2  
  86  8:19  Siege Tank  
  89  8:22  Marine x5  
  89  8:23  Marine  
  95  8:32  Marauder  
  97  8:37  Marine  
  97  8:40  Marine x3  
  101  8:46  SCV  
  101  8:47  SCV, Supply Depot  
  103  8:52  Supply Depot  
  103  8:54  Marauder  
  102  8:56  Marauder  
  102  8:59  Marine x4  
  102  9:00  Marine  
  109  9:09  Marine  
  110  9:10  Siege Tank, Supply Depot  
  110  9:11  Armory  
  110  9:14  Concussive Shells  
  110  9:15  Marauder  
  110  9:16  Factory Tech Lab  
  115  9:25  Marine x5  
  115  9:27  Marauder  
  122  9:39  Marine  
  122  9:40  Marauder  
  125  9:48  Marauder  
  117  10:21  Marine  
  118  10:26  Supply Depot  
  118  10:28  Supply Depot x2  
  118  10:32  Supply Depot  
  118  10:48  Medivac, Marine x6  
  126  10:50  Medivac, Marauder  
  126  10:57  Marine  
  131  11:05  Marine x4  
  131  11:06  Marauder  
  107  11:18  Medivac  
  109  11:20  Medivac  
  109  11:29  Marine x3  
  109  11:30  Marine x5  
  112  11:48  Medivac, Marauder  
Tags
 
Composition
MMM Bio
League
Platinum
Matchup
TvZ
Spawn Locations
Cross Positions
Add a new tag
Caveats
  • Supply blocks, unpowered buildings, or Contaminate may cause inaccurate times.
  • Supply counts are checked every 10 seconds.